Map: Blackpink LE

Players

Snute - Winner!

  • Race: Zerg Zerg
  • Spawn Location: 1:00

Yours

  • Race: Zerg Zerg
  • Spawn Location: 7:00

Event: WCS Leipzig 2018

VOD

Have the link to the VOD?

Description

Time

  • Played on: Jan. 26, 2018, 2:47 p.m.
  • Length: 18:53

All games in this series

Show
View Real Time Build Order
Export as new Build Order

Snute Zerg - Winner!

Build Orders: Hatch First, Lurkers 

Get SALT Encoding   

  12  0:00  Drone  
  13  0:12  Overlord  
  13  0:17  Drone  
  14  0:31  Drone x2  
  14  0:34  Drone  
  17  0:51  Hatchery  
  17  0:53  Drone  
  17  1:07  Spawning Pool  
  17  1:09  Drone  
  17  1:14  Drone, Extractor  
  17  1:19  Drone  
  18  1:28  Drone  
  19  1:38  Overlord  
  19  1:53  Queen  
  22  1:54  Zergling x2  
  22  2:00  Zergling x2  
  23  2:02  Queen  
  23  2:03  Zergling x2  
  26  2:10  Spine Crawler  
  26  2:12  Zergling x2  
  25  2:19  Zergling x2  
  22  2:34  Spore Crawler  
  21  2:45  Drone x4  
  26  2:51  Drone  
  26  2:56  Drone  
  26  2:58  Drone  
  29  3:02  Drone  
  30  3:19  Drone x3  
  33  3:20  Drone  
  33  3:25  Drone  
  33  3:26  Drone  
  35  3:30  Overlord  
  35  3:47  Drone, Hatchery  
  35  3:52  Drone x3  
  35  3:54  Drone  
  39  4:00  Drone  
  39  4:01  Drone  
  40  4:04  Drone  
  40  4:05  Drone x2  
  43  4:10  Lair  
  43  4:17  Roach Warren, Evolution Chamber  
  43  4:19  Extractor, Overlord  
  43  4:21  Drone  
  43  4:22  Drone  
  42  4:24  Drone  
  42  4:30  Drone, Extractor  
  43  4:32  Overlord  
  43  4:38  Drone x4  
  46  4:39  Drone  
  46  4:42  Zerg Missile Weapons Level 1  
  48  4:48  Drone x2  
  48  4:51  Drone x2  
  52  4:56  Queen  
  54  5:00  Drone x3  
  54  5:02  Drone  
  54  5:04  Drone  
  54  5:05  Drone  
  60  5:08  Overlord  
  60  5:11  Glial Reconstitution  
  60  5:17  Overlord  
  60  5:21  Roach  
  60  5:22  Roach  
  60  5:26  Overlord  
  60  5:27  Overlord  
  64  5:29  Roach x2  
  64  5:34  Overlord x2  
  68  5:36  Roach  
  68  5:39  Roach x2  
  74  5:44  Roach x2  
  78  5:51  Roach x4  
  78  5:57  Roach x3  
  90  5:59  Roach  
  90  6:00  Roach  
  90  6:03  Drone  
  97  6:04  Roach  
  97  6:05  Roach  
  97  6:10  Roach  
  97  6:11  Roach x2  
  107  6:18  Roach x2  
  111  6:19  Overlord  
  111  6:22  Overlord  
  111  6:30  Roach, Overlord  
  111  6:32  Drone  
  114  6:35  Extractor  
  113  6:40  Zerg Missile Weapons Level 2  
  113  6:41  Extractor  
  113  6:42  Drone x9  
  120  6:51  Overlord  
  120  6:55  Drone x3  
  120  6:57  Roach  
  125  7:07  Roach x4  
  125  7:08  Roach x2  
  137  7:15  Extractor  
  137  7:16  Roach  
  137  7:17  Overseer  
  137  7:20  Roach x3  
  137  7:21  Overlord  
  137  7:22  Overlord  
  144  7:25  Hatchery, Roach, Overlord  
  144  7:26  Overlord  
  145  7:34  Overlord  
  145  7:35  Overlord  
  145  7:41  Drone x3  
  145  7:43  Roach x3  
  154  7:45  Roach  
  154  7:49  Roach  
  154  7:51  Roach x3  
  164  7:52  Roach  
  164  7:53  Roach x2  
  164  7:55  Overlord  
  170  8:01  Ravager  
  170  8:02  Ravager x5  
  170  8:03  Roach  
  170  8:04  Roach  
  180  8:10  Roach x4  
  188  8:16  Roach  
  190  8:20  Ravager x2  
  190  8:23  Roach x2  
  190  8:25  Spine Crawler  
  190  8:26  Drone x3  
  190  8:27  Spine Crawler, Roach  
  197  8:29  Spine Crawler  
  197  8:30  Drone  
  197  8:31  Spine Crawler, Drone  
  199  8:42  Pneumatized Carapace  
  199  8:57  Zerg Ground Armor Level 1  
  199  9:06  Roach  
  199  9:07  Roach x10  
  151  9:17  Roach x11  
  151  9:22  Roach x3  
  151  9:23  Overseer  
  164  9:27  Roach  
  164  9:28  Drone x2  
  168  9:35  Roach, Hydralisk Den  
  168  9:38  Drone  
  170  9:39  Drone  
  170  9:43  Roach, Overseer  
  170  9:44  Roach  
  175  9:48  Drone  
  175  9:49  Extractor  
  175  9:50  Roach x2, Infestation Pit  
  175  9:51  Roach  
  175  9:52  Ravager  
  181  9:54  Roach  
  181  9:57  Roach x2  
  187  10:09  Lurker Den  
  187  10:10  Roach  
  187  10:11  Roach x2  
  190  10:18  Drone  
  190  10:19  Drone x6  
  190  10:20  Drone  
  198  10:26  Extractor  
  198  10:27  Spine Crawler  
  196  10:34  Roach  
  196  10:35  Roach  
  198  10:52  Roach  
  200  11:04  Spine Crawler  
  199  11:05  Spine Crawler  
  199  11:08  Muscular Augments  
  199  11:09  Hive  
  198  11:13  Spire  
  198  11:14  Spore Crawler  
  198  11:15  Spore Crawler  
  145  11:27  Roach x20  
  145  11:32  Roach  
  163  11:37  Burrow, Tunneling Claws  
  163  11:38  Drone x3  
  166  11:43  Roach x7  
  180  11:50  Hydralisk  
  180  11:51  Hydralisk  
  180  11:52  Nydus Network  
  183  11:58  Zerg Ground Armor Level 2  
  183  12:02  Drone, Evolution Chamber  
  183  12:05  Hydralisk  
  185  12:12  Hydralisk x3  
  191  12:17  Ravager x2  
  191  12:21  Ravager  
  195  12:23  Lurker  
  195  12:28  Lurker  
  198  12:30  Roach x2  
  200  12:38  Spine Crawler  
  200  12:39  Spine Crawler, Lurker  
  200  12:40  Lurker  
  200  12:57  Spore Crawler x2  
  198  13:10  Nydus Canal  
  196  13:14  Hydralisk, Lurker  
  196  13:18  Overseer  
  199  13:25  Nydus Canal  
  199  13:31  Lurker  
  197  13:50  Hydralisk x3  
  191  14:02  Hydralisk x7  
  187  14:03  Adaptive Talons  
  187  14:05  Zerg Missile Weapons Level 3  
  197  14:10  Nydus Canal  
  195  14:17  Zerg Ground Armor Level 3  
  191  14:25  Nydus Canal  
  191  14:33  Hatchery  
  178  14:43  Hydralisk x5  
  150  14:53  Roach  
  150  14:54  Roach x8  
  150  14:57  Lurker x3  
  150  14:58  Lurker  
  150  14:59  Roach x2  
  172  15:00  Roach  
  172  15:04  Ravager  
  172  15:05  Roach  
  173  15:07  Roach  
  173  15:08  Roach x2  
  150  15:23  Roach x4  
  150  15:25  Queen  
  150  15:26  Queen x2  
  156  15:29  Lurker x3  
  156  15:33  Roach x4  
  167  15:37  Roach  
  167  15:38  Roach  
  167  15:41  Roach x2  
  175  15:52  Nydus Canal  
  175  15:54  Hatchery  
  174  16:00  Roach x8  
  190  16:10  Overseer  
  190  16:17  Hatchery  
  189  16:22  Hydralisk x12  
  193  16:29  Nydus Canal  
  184  16:33  Hydralisk x6  
  196  16:42  Lurker x2  
  196  16:43  Lurker  
  189  17:03  Nydus Canal  
  189  17:07  Greater Spire  
  183  17:13  Roach  
  183  17:16  Roach x8  
  196  17:31  Lurker  
  196  17:32  Lurker x2  
  196  17:33  Ravager  
  191  17:55  Roach x11  
  200  18:04  Spine Crawler  
  199  18:06  Spine Crawler  
  199  18:12  Roach x7  
  191  18:13  Roach x9  
  179  18:22  Roach  
  179  18:23  Roach x3  
  179  18:26  Roach  
  179  18:27  Roach  
  139  18:45  Ravager x6  
Show
View Real Time Build Order
Export as new Build Order

Yours Zerg 

Build Orders: Pool First 

Get SALT Encoding   

  12  0:18  Spawning Pool  
  11  0:21  Drone  
  11  0:25  Drone  
  13  0:30  Drone  
  14  0:39  Overlord  
  14  1:04  Zergling x2  
  14  1:05  Zergling x4  
  17  1:15  Zergling x2  
  17  1:17  Hatchery  
  17  1:26  Zergling x2  
  17  1:32  Queen  
  20  1:38  Zergling x2  
  21  1:49  Overlord  
  21  2:01  Drone  
  21  2:08  Queen  
  24  2:11  Drone  
  25  2:20  Drone  
  21  2:30  Queen  
  21  2:31  Drone x2  
  25  2:40  Drone x2  
  25  2:41  Drone  
  27  2:44  Drone x2  
  29  2:53  Queen  
  29  2:58  Drone  
  32  3:01  Drone  
  33  3:06  Overlord  
  33  3:08  Drone  
  34  3:18  Drone  
  34  3:19  Drone, Overlord  
  36  3:23  Extractor  
  36  3:24  Drone x2, Extractor  
  36  3:37  Drone x2  
  36  3:39  Drone  
  36  3:40  Drone x3  
  42  3:42  Drone  
  43  3:49  Overlord  
  43  3:51  Drone  
  44  4:07  Drone, Evolution Chamber  
  44  4:08  Drone, Roach Warren  
  44  4:09  Drone x3  
  47  4:10  Drone  
  47  4:15  Lair  
  48  4:18  Overlord  
  48  4:22  Drone  
  49  4:25  Drone  
  49  4:28  Extractor  
  49  4:33  Zerg Missile Weapons Level 1  
  49  4:35  Drone  
  50  4:40  Hatchery  
  50  4:44  Overlord  
  49  4:47  Roach x2  
  49  4:50  Roach  
  55  4:57  Roach x2, Overlord  
  59  5:00  Overlord x2  
  59  5:06  Roach x2  
  63  5:09  Roach  
  65  5:15  Glial Reconstitution  
  65  5:25  Overseer  
  65  5:31  Roach x3  
  71  5:42  Drone x5  
  76  5:44  Drone x2  
  76  5:45  Drone  
  79  5:52  Drone  
  79  5:55  Drone  
  81  6:00  Drone  
  82  6:05  Overlord x2  
  82  6:09  Extractor  
  81  6:18  Drone  
  82  6:19  Drone  
  82  6:20  Drone x2  
  82  6:21  Overlord x2  
  85  6:27  Roach x7  
  99  6:39  Roach  
  109  6:40  Roach x4  
  109  6:49  Roach x2  
  109  6:51  Roach  
  109  6:53  Zerg Missile Weapons Level 2  
  109  6:54  Overlord x2  
  115  6:56  Roach x2  
  115  6:57  Roach  
  121  7:04  Overlord x4  
  121  7:14  Roach  
  121  7:15  Roach x4  
  131  7:18  Drone  
  131  7:21  Drone x3  
  131  7:22  Drone  
  136  7:24  Extractor  
  136  7:25  Extractor  
  135  7:30  Drone x3  
  135  7:31  Ravager  
  135  7:32  Ravager x3  
  135  7:34  Tunneling Claws  
  135  7:36  Hatchery  
  140  7:44  Drone x5  
  143  7:47  Drone  
  143  7:51  Drone  
  147  7:54  Hatchery  
  147  7:55  Roach x5  
  156  8:00  Overseer  
  156  8:06  Overlord x4  
  156  8:09  Roach  
  156  8:10  Roach  
  156  8:11  Burrow  
  160  8:20  Roach x3  
  160  8:24  Roach x3  
  160  8:25  Roach  
  160  8:27  Ravager x2  
  176  8:35  Drone x2  
  176  8:37  Roach x5  
  188  8:44  Ravager, Roach  
  188  8:45  Roach  
  193  8:53  Roach x3  
  193  8:55  Ravager  
  200  9:09  Roach x11  
  196  9:11  Roach  
  196  9:15  Roach x2  
  182  9:20  Roach x4  
  188  9:32  Extractor  
  188  9:33  Roach x6  
  188  9:34  Extractor  
  200  9:38  Roach  
  200  9:51  Roach x9  
  200  10:19  Ravager  
  200  10:20  Ravager x2  
  200  10:21  Ravager  
  200  10:27  Spine Crawler  
  199  10:28  Spine Crawler  
  199  10:30  Spine Crawler  
  199  10:31  Spine Crawler  
  196  10:38  Roach x3  
  200  10:47  Roach  
  200  10:50  Zerg Ground Armor Level 1  
  196  11:00  Ravager x2  
  196  11:01  Ravager  
  196  11:02  Ravager  
  196  11:03  Roach x2  
  200  11:06  Overseer  
  191  11:22  Roach  
  191  11:23  Roach x19  
  191  11:24  Roach x2  
  189  11:26  Roach x9  
  189  11:27  Roach  
  189  11:31  Roach x14  
  193  11:36  Roach  
  193  11:38  Ravager x2  
  182  11:41  Ravager  
  182  11:46  Ravager x3  
  186  11:53  Roach x4  
  186  11:54  Roach  
  200  11:57  Ravager  
  200  11:58  Ravager  
  198  12:02  Ravager  
  199  12:11  Ravager  
  200  12:45  Hatchery  
  200  12:49  Ravager  
  196  13:02  Ravager  
  196  13:05  Roach  
  199  13:07  Roach x42  
  199  13:11  Ravager  
  200  13:14  Spire  
  199  13:22  Pneumatized Carapace  
  199  13:29  Overseer x2  
  199  13:30  Overseer  
  199  13:33  Roach x13  
  190  13:44  Overseer  
  190  13:48  Overseer  
  179  13:49  Roach x6  
  179  13:50  Roach x3  
  179  13:54  Roach x9  
  179  13:55  Roach x6  
  197  13:59  Roach  
  197  14:00  Roach x2  
  200  14:09  Ravager x7  
  193  14:10  Ravager x2  
  193  14:12  Roach x5  
  199  14:20  Drone  
  200  14:26  Roach x20  
  181  14:47  Roach x9  
  197  14:55  Ravager x3  
  159  15:23  Roach x13  
  159  15:24  Roach x5  
  200  15:38  Drone x3  
  200  15:39  Drone x3  
  200  15:40  Drone x4  
  200  15:54  Hatchery  
  200  15:56  Drone  
  199  16:23  Roach x27  
  165  16:34  Drone x6  
  165  16:36  Drone  
  165  16:37  Drone  
  165  16:38  Drone x3  
  176  16:40  Extractor  
  175  16:52  Roach x20  
  158  17:14  Roach x18  
  180  17:27  Roach x5  
  180  17:29  Ravager x3  
  188  17:32  Ravager  
  172  17:45  Ravager x2  
  165  17:56  Ravager x4  
  165  17:57  Ravager x8  
  138  18:14  Roach x3  
  115  18:26  Roach x2  
  61  18:34  Ravager x3  
Tags
 
Add a new tag
Caveats
  • Supply blocks, unpowered buildings, or Contaminate may cause inaccurate times.
  • Supply counts are checked every 10 seconds.